 Dungeon Crawl Stone Soup version 0.24-a0-278-gefa1973 (webtiles) character file.

Game seed: 15782970268567407718

1796 Gorice the Covered (level 9, -1/69 HPs)
             Began as a Gnoll Wanderer on Apr 29, 2019.
             Was a Believer of Okawaru.
             Slain by a chaos spawn (5 damage)
             ... summoned by a kobold demonologist
             ... in a bailey.
             The game lasted 00:30:53 (4804 turns).

Gorice the Covered (Gnoll Wanderer)                 Turns: 4804, Time: 00:30:56

Health: -1/69      AC: 21    Str: 18    XL:     9   Next: 9%
Magic:  14/14      EV: 11    Int: 12    God:    Okawaru [**....]
Gold:   348        SH:  0    Dex: 19    Spells: 15/15 levels left

rFire    . . .     SeeInvis .   a - +2 flail (crush)
rCold    . . .     Gourm    .   (no shield)
rNeg     . . .     Faith    .   l - +0 plate armour
rPois    +         Spirit   .   (no helmet)
rElec    .         Reflect  .   m - +1 cloak
rCorr    .         Harm     .   G - +1 pair of gloves "Jydymon" {+Fly rPois Dex+2}
MR       .....                  (no boots)
Stlth    ..........             x - amulet of rage
HPRegen  0.21/turn              E - +3 ring of evasion
MPRegen  0.14/turn              P - +3 ring of protection

@: liquid flames, glowing
A: distributed training, fangs 1, strong nose
a: Heroism, Renounce Religion, Evoke Berserk Rage, Evoke Flight


You were in a bailey.
You worshipped Okawaru.
Okawaru was pleased with you.
You were not hungry.

You visited 2 branches of the dungeon, and saw 8 of its levels.
You also visited: Bailey.

You collected 348 gold pieces.

Inventory:

Hand Weapons
 a - a +2 flail of crushing (weapon)
   (You took it off Edmund on level 4 of the Dungeon)
 b - a +3 hand crossbow
 k - the +0 trident "Hydrabane" {pierce, +Fly Str+2}
   (You found it on level 7 of the Dungeon)

   It inflicts extra damage upon your enemies.
   It affects your strength (+2).
   It lets you fly.
 o - a +0 hand axe
 w - a +0 morningstar
 C - a +0 whip
Missiles
 e - 68 bolts
 u - 5 tomahawks (quivered)
 Y - 138 stones
Armour
 c - a +0 ring mail
 l - a +0 plate armour (worn)
 m - a +1 cloak (worn)
 G - the +1 pair of gloves "Jydymon" (worn) {+Fly rPois Dex+2}
   (You found it on level 5 of the Dungeon)

   It affects your dexterity (+2).
   It protects you from poison.
   It lets you fly.
Jewellery
 x - an amulet of rage (around neck)
 E - a +3 ring of evasion (left hand)
 P - a +3 ring of protection (right hand)
Wands
 B - a wand of enslavement (9)
Scrolls
 g - a scroll of enchant armour
 r - a scroll of remove curse
 s - 2 scrolls of amnesia
 t - 3 scrolls of teleportation {!r}
 y - 2 scrolls of fog
Potions
 d - 7 potions of curing
 h - a potion of flight
 i - a potion of magic {unknown}
 j - 2 potions of berserk rage
 n - 2 potions of heal wounds {!q}
 p - a potion of haste {unknown}
 q - a potion of lignification {unknown}
 v - a potion of resistance {unknown}
 z - a potion of might {unknown}
 A - 2 potions of agility {!q}
Comestibles
 f - 12 rations
 D - 11 chunks of flesh


   Skills:
 + Level 6.0 Fighting
 + Level 3.8 Short Blades
 + Level 3.8 Long Blades
 + Level 3.8 Axes
 + Level 3.8 Maces & Flails
 + Level 3.8 Polearms
 + Level 3.8 Staves
 + Level 3.8 Slings
 + Level 3.8 Bows
 + Level 7.6 Crossbows
 + Level 4.6 Throwing
 + Level 7.6 Armour
 + Level 3.8 Dodging
 + Level 3.8 Stealth
 + Level 3.8 Shields
 + Level 3.8 Unarmed Combat
 + Level 3.8 Spellcasting
 + Level 3.1 Conjurations
 + Level 3.1 Hexes
 + Level 3.1 Charms
 + Level 3.1 Summonings
 + Level 3.1 Necromancy
 + Level 3.1 Translocations
 + Level 3.1 Transmutations
 + Level 3.1 Fire Magic
 + Level 3.1 Ice Magic
 + Level 3.1 Air Magic
 + Level 3.1 Earth Magic
 + Level 3.1 Poison Magic
 + Level 4.2 Invocations
 + Level 4.6 Evocations


You had 15 spell levels left.
You didn't know any spells.
Your spell library contained the following spells:

 Spells                   Type           Power        Failure   Level  Hunger
 Beastly Appendage        Tmut           #.....       86%         1    #......
 Sticks to Snakes         Tmut           #.......     95%         2    ##.....
 Spider Form              Tmut/Pois      #.........   99%         3    ###....
 Ice Form                 Ice/Tmut       #.......     100%        4    #####..
 Blade Hands              Tmut           #.........   100%        5    ######.


Dungeon Overview and Level Annotations

Branches:
Dungeon (8/15)             Temple (1/1) D:5
   Lair: D:8-11

Altars:
Ashenzari
Cheibriados
Dithmenos
Fedhas
Hepliaklqana
Kikubaaqudgha
Nemelex Xobeh
Okawaru
Qazlal
Ru
Sif Muna
Trog
Uskayaw
Vehumet
Wu Jian
Xom
Yredelemnul
Zin
The Shining One

Annotations:
D:8 UX: shafted


Innate Abilities, Weirdness & Mutations

Your experience applies equally to all skills.
You have very sharp teeth.
Your uncanny sense of smell can sniff out nearby items.


Message History

The smoke demon closely misses you. The shadow imp misses you.
Damage: 8 (max 8)
You closely miss the kobold demonologist.
The kobold demonologist is severely wounded.
You are covered in liquid flames!
The crimson imp disappears in a puff of smoke!
The shadow imp shouts, "Slither home, thou unctious tip-merry slime mould!"
The shadow imp hits you.
The kobold demonologist hits you but does no damage.
The smoke demon hits you but does no damage. x3
A gnoll comes into view. It is wielding a +0 hand axe.
The shadow imp hits you but does no damage. x2
Damage: 9 (max 9)
You hit the kobold demonologist but do no damage.
You bite the kobold demonologist, but do no damage.
The kobold demonologist is severely wounded.
You are covered in liquid flames!
The kobold demonologist gestures wildly while chanting.
The smoke demon hits you.
The smoke demon hits you but does no damage. x2
An orc comes into view. It is wielding a +0 hand axe.
The shadow imp hits you but does no damage.
The shadow imp completely misses you.
The kobold demonologist hits you but does no damage.
The smoke demon gestures at you. The ball of steam hits you!
* * * LOW HITPOINT WARNING * * *
Damage: 20 (max 20)
The orc shouts!
You hit the kobold demonologist but do no damage.
Your punch misses the kobold demonologist.
Your bite misses the kobold demonologist.
The kobold demonologist is severely wounded.
You are engulfed in a cloud of scalding steam.
You are covered in liquid flames!
* * * LOW HITPOINT WARNING * * *
The shadow imp is engulfed in a cloud of scalding steam.
The shadow imp hits you but does no damage. x2
The smoke demon hits you but does no damage. x3
The kobold demonologist gestures wildly while chanting.
The kobold demonologist hits you with a cursed -2 war axe.
* * * LOW HITPOINT WARNING * * *
Damage: 5 (max 20)
You are covered in liquid flames!
* * * LOW HITPOINT WARNING * * *
The shadow imp barely misses you. The shadow imp hits you.
* * * LOW HITPOINT WARNING * * *
The chaos spawn is engulfed in a cloud of scalding steam.
The chaos spawn gores you.
You die...

#####'''#####
+..)))'..#
+...))'..#
#..⌠..#..####
#.....#.....#
#.....#..)8.#
#######.))..#
#########.8.#
..g..5§3@§§.#
...o.(K5548.#
..._(..K55..+
.........#+##
##########
..!! #..?!
#####


You could see 2 kobold demonologists, a smoke demon, a chaos spawn, 2 crimson
imps, 2 shadow imps and an orc.

Vanquished Creatures
  A hungry ghost (D:7)
  Edmund (D:4)
  An ice beast (D:7)
  3 orc warriors
  A phantom (D:5)
  A centaur (D:7)
  2 scorpions (D:7)
  2 killer bees (D:7)
  An electric eel (Bailey)
  A crimson imp (D:7)
  2 hounds (D:5)
  2 bullfrog skeletons
  4 orc priests
  An iguana (D:7)
  5 orc wizards (D:4)
  3 worker ants
  10 adders
  2 gnolls
  An adder zombie (D:7)
  2 worms
  A dart slug (D:1)
  A leopard gecko (D:3)
  27 orcs
  A ball python (D:4)
  10 bats
  9 giant cockroaches
  12 hobgoblins
  9 jackals
  3 quokkas
  4 frilled lizards
  9 goblins
  A jackal skeleton (D:4)
  4 kobolds
  12 rats
149 creatures vanquished.

Vanquished Creatures (collateral kills)
  A killer bee (D:7)
1 creature vanquished.

Vanquished Creatures (others)
  A killer bee (D:7)
  A hobgoblin (Bailey)
2 creatures vanquished.

Grand Total: 152 creatures vanquished

Notes
Turn   | Place    | Note
-------+----------+-------------------------------------------
     0 | D:1      | Gorice the Gnoll Wanderer began the quest for the Orb.
     0 | D:1      | Gorice set off with the following items: a +2 hand
                  | crossbow, 30 bolts, a +0 ring mail, a potion of curing, a
                  | ration
     0 | D:1      | Reached XP level 1. HP: 20/20 MP: 2/2
   125 | D:1      | Reached XP level 2. HP: 16/26 MP: 3/3
   566 | D:1      | Reached XP level 3. HP: 31/31 MP: 4/4
   626 | D:1      | Reached skill level 1 in Invocations
   935 | D:2      | Reached skill level 1 in Short Blades
   935 | D:2      | Reached skill level 1 in Long Blades
   935 | D:2      | Reached skill level 1 in Axes
   935 | D:2      | Reached skill level 1 in Maces & Flails
   935 | D:2      | Reached skill level 1 in Polearms
   935 | D:2      | Reached skill level 1 in Staves
   935 | D:2      | Reached skill level 1 in Slings
   935 | D:2      | Reached skill level 1 in Bows
   935 | D:2      | Reached skill level 1 in Dodging
   935 | D:2      | Reached skill level 1 in Stealth
   935 | D:2      | Reached skill level 1 in Shields
   935 | D:2      | Reached skill level 1 in Unarmed Combat
   935 | D:2      | Reached skill level 1 in Spellcasting
   935 | D:2      | Reached XP level 4. HP: 38/38 MP: 4/6
  1335 | D:2      | Reached skill level 1 in Conjurations
  1335 | D:2      | Reached skill level 1 in Hexes
  1335 | D:2      | Reached skill level 1 in Charms
  1335 | D:2      | Reached skill level 1 in Summonings
  1335 | D:2      | Reached skill level 1 in Necromancy
  1335 | D:2      | Reached skill level 1 in Translocations
  1335 | D:2      | Reached skill level 1 in Transmutations
  1335 | D:2      | Reached skill level 1 in Fire Magic
  1335 | D:2      | Reached skill level 1 in Ice Magic
  1335 | D:2      | Reached skill level 1 in Air Magic
  1335 | D:2      | Reached skill level 1 in Earth Magic
  1335 | D:2      | Reached skill level 1 in Poison Magic
  1819 | D:3      | Reached XP level 5. HP: 43/43 MP: 7/7
  2048 | D:3      | Reached skill level 3 in Throwing
  2048 | D:3      | Reached skill level 3 in Evocations
  2523 | D:4      | Reached skill level 2 in Invocations
  2523 | D:4      | Reached XP level 6. HP: 50/50 MP: 8/8
  2752 | D:4      | Found a glowing silver altar of Zin.
  2753 | D:4      | Noticed an angel
  2804 | D:4      | Reached skill level 5 in Fighting
  2842 | D:4      | Reached skill level 2 in Short Blades
  2842 | D:4      | Reached skill level 2 in Long Blades
  2842 | D:4      | Reached skill level 2 in Axes
  2842 | D:4      | Reached skill level 2 in Maces & Flails
  2842 | D:4      | Reached skill level 2 in Polearms
  2842 | D:4      | Reached skill level 2 in Staves
  2842 | D:4      | Reached skill level 2 in Slings
  2842 | D:4      | Reached skill level 2 in Bows
  2842 | D:4      | Reached skill level 2 in Dodging
  2842 | D:4      | Reached skill level 2 in Stealth
  2842 | D:4      | Reached skill level 2 in Shields
  2842 | D:4      | Reached skill level 2 in Unarmed Combat
  2842 | D:4      | Reached skill level 2 in Spellcasting
  2971 | D:4      | Reached XP level 7. HP: 56/56 MP: 10/10
  3183 | D:4      | Noticed Edmund
  3189 | D:4      | Killed Edmund
  3189 | D:4      | Reached skill level 7 in Crossbows
  3189 | D:4      | Reached skill level 7 in Armour
  3201 | D:4      | Found a radiant altar of Vehumet.
  3201 | D:4      | Found a hide-covered altar of Uskayaw.
  3371 | D:5      | Entered Level 5 of the Dungeon
  3377 | D:5      | Found a staircase to the Ecumenical Temple.
  3415 | Temple   | Entered the Ecumenical Temple
  3553 | Temple   | Became a worshipper of Warmaster Okawaru
  3574 | D:5      | Reached skill level 2 in Conjurations
  3574 | D:5      | Reached skill level 2 in Hexes
  3574 | D:5      | Reached skill level 2 in Charms
  3574 | D:5      | Reached skill level 2 in Summonings
  3574 | D:5      | Reached skill level 2 in Necromancy
  3574 | D:5      | Reached skill level 2 in Translocations
  3574 | D:5      | Reached skill level 2 in Transmutations
  3574 | D:5      | Reached skill level 2 in Fire Magic
  3574 | D:5      | Reached skill level 2 in Ice Magic
  3574 | D:5      | Reached skill level 2 in Air Magic
  3574 | D:5      | Reached skill level 2 in Earth Magic
  3574 | D:5      | Reached skill level 2 in Poison Magic
  3774 | D:5      | Reached skill level 3 in Invocations
  4070 | D:5      | Got a pair of polished gloves
  4081 | D:5      | Identified the +1 pair of gloves "Jydymon" {+Fly rPois
                  | Dex+2} (You found it on level 5 of the Dungeon)
  4081 | D:5      | --nice!
  4085 | D:5      | You fall through a shaft for 3 floors!
  4149 | D:7      | Got an ebony trident
  4150 | D:7      | Identified the +0 trident "Hydrabane" {pierce, +Fly Str+2}
                  | (You found it on level 7 of the Dungeon)
  4163 | D:7      | Reached XP level 8. HP: 63/63 MP: 12/12
  4197 | D:7      | Reached skill level 3 in Short Blades
  4197 | D:7      | Reached skill level 3 in Long Blades
  4197 | D:7      | Reached skill level 3 in Axes
  4197 | D:7      | Reached skill level 3 in Maces & Flails
  4197 | D:7      | Reached skill level 3 in Polearms
  4197 | D:7      | Reached skill level 3 in Staves
  4197 | D:7      | Reached skill level 3 in Slings
  4197 | D:7      | Reached skill level 3 in Bows
  4197 | D:7      | Reached skill level 4 in Throwing
  4197 | D:7      | Reached skill level 3 in Dodging
  4197 | D:7      | Reached skill level 3 in Stealth
  4197 | D:7      | Reached skill level 3 in Shields
  4197 | D:7      | Reached skill level 3 in Unarmed Combat
  4197 | D:7      | Reached skill level 3 in Spellcasting
  4197 | D:7      | Reached skill level 4 in Evocations
  4232 | D:7      | Reached * piety under Okawaru
  4417 | D:7      | Paralysed by fainting for 7 turns
  4531 | D:7      | Found a flagged portal.
  4537 | D:7      | Reached skill level 4 in Invocations
  4563 | Bailey   | Entered a bailey
  4602 | Bailey   | Reached skill level 3 in Conjurations
  4602 | Bailey   | Reached skill level 3 in Hexes
  4602 | Bailey   | Reached skill level 3 in Charms
  4602 | Bailey   | Reached skill level 3 in Summonings
  4602 | Bailey   | Reached skill level 3 in Necromancy
  4602 | Bailey   | Reached skill level 3 in Translocations
  4602 | Bailey   | Reached skill level 3 in Transmutations
  4602 | Bailey   | Reached skill level 3 in Fire Magic
  4602 | Bailey   | Reached skill level 3 in Ice Magic
  4602 | Bailey   | Reached skill level 3 in Air Magic
  4602 | Bailey   | Reached skill level 3 in Earth Magic
  4602 | Bailey   | Reached skill level 3 in Poison Magic
  4602 | Bailey   | Reached XP level 9. HP: 42/69 MP: 14/14
  4620 | Bailey   | Reached ** piety under Okawaru
  4620 | Bailey   | Reached skill level 6 in Fighting
  4762 | Bailey   | Found an iron altar of Okawaru.
  4777 | Bailey   | Noticed a kobold demonologist
  4794 | Bailey   | Noticed a smoke demon
  4796 | Bailey   | Noticed a kobold demonologist
  4802 | Bailey   | HP: 19/69 [smoke demon/ball of steam[a kobold demonologist]
                  | (13)]
  4804 | Bailey   | HP: 6/69 [burnt (8)]
  4804 | Bailey   | Slain by a chaos spawn

Levels and vault maps discovered:
D:1:      dpeg_arrival_orchard, layout_basic, wad_floor_pattern_2,
          minmay_heptomino_o4
D:2:      layout_basic
D:3:      layout_basic, first_ration
D:4:      layout_loops_corners, zin_angel, amethyst_overflow_temple_binary,
          uniq_edmund
D:5:      layout_rooms, minmay_temple_entry_mini_moons
D:7:      layout_rooms, enter_bailey_2, uniq_pikel
D:8:      layout_basic, uniq_maurice
Temple:   eino_temple_rhombus
Bailey:   bailey_axe_of_yendor_kennysheep, bailey

Skill      XL: |  1  2  3  4  5  6  7  8  9 |
---------------+----------------------------+-----
Invocations    | 1 2 3 4 |  4.2
Short Blades   | 1 2 3 |  3.8
Long Blades    | 1 2 3 |  3.8
Axes           | 1 2 3 |  3.8
Maces & Flails | 1 2 3 |  3.8
Polearms       | 1 2 3 |  3.8
Staves         | 1 2 3 |  3.8
Slings         | 1 2 3 |  3.8
Bows           | 1 2 3 |  3.8
Dodging        | 1 2 3 |  3.8
Stealth        | 1 2 3 |  3.8
Shields        | 1 2 3 |  3.8
Unarmed Combat | 1 2 3 |  3.8
Spellcasting   | 1 2 3 |  3.8
Conjurations   | 1 2 3 |  3.1
Hexes          | 1 2 3 |  3.1
Charms         | 1 2 3 |  3.1
Summonings     | 1 2 3 |  3.1
Necromancy     | 1 2 3 |  3.1
Translocations | 1 2 3 |  3.1
Transmutations | 1 2 3 |  3.1
Fire Magic     | 1 2 3 |  3.1
Ice Magic      | 1 2 3 |  3.1
Air Magic      | 1 2 3 |  3.1
Earth Magic    | 1 2 3 |  3.1
Poison Magic   | 1 2 3 |  3.1
Throwing       | 3 4 |  4.6
Evocations     | 3 4 |  4.6
Fighting       | 5 6 |  6.0
Crossbows      | 7 |  7.6
Armour         | 7 |  7.6

Action                   |  1- 3 |  4- 6 |  7- 9 || total
-------------------------+-------+-------+-------++-------
Melee: Whip              |    33 |    69 |    36 ||   138
       Bite              |     6 |     5 |    26 ||    37
       Punch             |       |     1 |     2 ||     3
       Flail             |       |       |   127 ||   127
 Fire: Hand crossbow     |    54 |   127 |    93 ||   274
Throw: Tomahawk          |       |       |     1 ||     1
Invok: Heroism           |       |       |     2 ||     2
 Abil: Evoke Berserk Rag |       |       |     1 ||     1
Evoke: Wand              |       |       |     2 ||     2
  Use: Scroll            |     3 |     6 |     5 ||    14
  Eat: Chunk             |       |     6 |    13 ||    19
       Ration            |       |       |     1 ||     1
Armor: Ring mail         |    21 |       |       ||    21
       Plate armour      |       |    67 |   187 ||   254
Dodge: Dodged            |    29 |    47 |   168 ||   244

Table legend:
 A = Non-vault XP
 B = Vault XP
 C = Vault XP percentage of total XP
 D = Non-vault monster count
 E = Vault monster count
 F = Vault count percentage of total count
                 A         B        C        D         E       F
            +---------+---------+-------+---------+---------+-------
      Total |    2048 |     519 |  20.2 |     138 |      13 |   8.6
            +---------+---------+-------+---------+---------+-------
        D:1 |      59 |       5 |   7.8 |      27 |       3 |  10.0
        D:2 |      90 |       0 |   0.0 |      20 |       0 |   0.0
        D:3 |     120 |       0 |   0.0 |      31 |       0 |   0.0
        D:4 |     452 |     169 |  27.2 |      27 |       1 |   3.6
        D:5 |     296 |       0 |   0.0 |      10 |       0 |   0.0
        D:7 |    1031 |       0 |   0.0 |      23 |       0 |   0.0
     Bailey |       0 |     345 | 100.0 |       0 |       9 | 100.0
            +---------+---------+-------+---------+---------+-------

Table legend:
 A = Turns spent in this place as a percentage of turns spent in the entire game.
 B = Non-inter-level travel turns spent in this place as a percentage of non-inter-level travel turns spent in the entire game.
 C = Inter-level travel turns spent in this place as a percentage of turns spent in this place.
 D = Turns resting spent in this place as a percentage of non-inter-level travel turns spent in this place.
 E = Turns spent auto-exploring this place as a percentage of non-inter-level travel turns spent in this place.
 F = Non-inter-level travel turns spent in this place divided by the number of levels of this place that you've seen.
                   A       B       C       D       E      F
               +-------+-------+-------+-------+-------+----------------------
         Total | 100.0 | 100.0 |   1.6 |   3.4 |  46.1 | 525.1
       Dungeon |  91.9 |  91.9 |   1.6 |   1.4 |  47.4 | 620.7
        Temple |   3.1 |   3.0 |   6.0 |   0.0 |  87.9 | 140.0
        Bailey |   5.0 |   5.1 |   0.0 |  42.3 |   0.0 | 241.0
               +-------+-------+-------+-------+-------+----------------------

Levels and vault maps discovered:
D:1:      dpeg_arrival_orchard, layout_basic, wad_floor_pattern_2,
          minmay_heptomino_o4
D:2:      layout_basic
D:3:      layout_basic, first_ration
D:4:      layout_loops_corners, zin_angel, amethyst_overflow_temple_binary,
          uniq_edmund
D:5:      layout_rooms, minmay_temple_entry_mini_moons
D:7:      layout_rooms, enter_bailey_2, uniq_pikel
D:8:      layout_basic, uniq_maurice
Temple:   eino_temple_rhombus
Bailey:   bailey_axe_of_yendor_kennysheep, bailey
